AoeStats
← Hello World

Lombardia

509269998Analyzed
4v4 RM · 7d ago on Sep 26, 2026· 58m 56s· 8 players
Game mode
Random Map
Map size
Large (8 player)
Population
200
Speed
Normal
Resources
Standard
Victory
Conquest
Starting age
Dark Age
Ending age
Imperial Age
RankedLock teamsTeams togetherTeam positionsShared explorationLock speedFull tech treeHidden civsTurbo modeCheats
Victory
Defeat
🇻🇳 Magyars · Vietnam
1181
+19
🇦🇺 Huns · Australia
1169
+19
🇦🇺 Japanese · Australia
1097
+22
🇺🇸 Saracens · United States
1081
+23
🇦🇷 Varangians · Argentina
1277
-22
🇺🇾 Portuguese · Uruguay
1256
-21
🇺🇾 Bohemians · Uruguay
1240
-21
🇺🇾 Britons · Uruguay
1189
-19
Hello World
4:29 Loom
12:30 Feudal Age
14:26 Double-Bit Axe
14:23 Horse Collar
21:04 Castle Age
19:21 Stone Mining
19:41 Gold Mining
23:00 Bow Saw
26:20 Wheelbarrow
32:38 Bloodlines
33:36 Town Watch
37:31 Imperial Age
35:08 Husbandry
36:41 Forging
37:12 Town Patrol
37:30 Hand Cart
38:14 Iron Casting
37:35 Elite Mameluke
38:38 Conscription
38:29 Scale Barding Armor
39:45 Chain Barding Armor
41:21 Blast Furnace
42:21 Capped Ram
43:17 Siege Ram
45:06 Light Cavalry
45:57 Heavy Camel Rider
46:49 Caravan
47:59 Plate Barding Armor
47:42 Hussar
53:15 Siege Engineers
54:12 Chemistry
53:13 Murder Holes
AbIGwAteRmElOn
6:29 Loom
12:55 Feudal Age
13:36 Horse Collar
20:50 Castle Age
18:55 Double-Bit Axe
19:22 Gold Mining
19:38 Stone Mining
20:42 Forging
21:07 Bloodlines
21:04 Town Watch
22:27 Husbandry
25:24 Wheelbarrow
28:33 Scale Barding Armor
29:04 Iron Casting
29:39 Bow Saw
29:34 Heavy Plow
31:50 Hand Cart
35:06 Imperial Age
33:22 Gold Shaft Mining
33:50 Chain Barding Armor
34:38 Caravan
34:53 Marauders
35:19 Town Patrol
35:12 Fletching
35:28 Light Cavalry
37:03 Plate Barding Armor
36:53 Conscription
37:40 Two-Man Saw
38:42 Blast Furnace
37:23 Cavalier
40:02 Hussar
41:08 Paladin
43:26 Masonry
43:37 Ballistics
44:18 Chemistry
43:14 Murder Holes
48:48 Bodkin Arrow
54:07 Elite Tarkan
55:49 Atheism
54:52 Elite Tarkan
Nick
11:05 Feudal Age
16:12 Castle Age
14:33 Stone Mining
14:57 Double-Bit Axe
16:59 Gold Mining
20:51 Horse Collar
21:48 Fletching
25:21 Fervor
26:44 Wheelbarrow
27:22 Gold Shaft Mining
30:26 Scale Mail Armor
30:36 Forging
35:33 Imperial Age
32:50 Loom
34:49 Chain Mail Armor
35:10 Iron Casting
36:11 Iron Casting
35:50 Elite Samurai
37:05 Bow Saw
38:48 Kataparuto
39:08 Plate Mail Armor
39:39 Blast Furnace
39:30 Hand Cart
40:06 Squires
39:52 Arson
40:48 Pikeman
41:14 Gambesons
41:21 Gambesons
42:42 Chemistry
42:06 Ballistics
41:59 Siege Engineers
42:16 Ballistics
43:11 Caravan
45:51 Halberdier
47:23 Murder Holes
47:42 Fortified Wall
47:18 Arrowslits
47:46 Masonry
47:35 Bodkin Arrow
48:20 Hoardings
48:20 Conscription
48:50 Bracer
48:50 Padded Archer Armor
50:18 Coinage
50:52 Two-Man Saw
50:18 Town Watch
52:00 Leather Archer Armor
52:30 Heavy Plow
54:31 Parthian Tactics
53:27 Heavy Cavalry Archer
54:13 Thumb Ring
54:53 Ring Archer Armor
54:28 Scale Barding Armor
anhdeptraibd
0:44 Loom
9:53 Feudal Age
21:25 Castle Age
20:56 Double-Bit Axe
20:52 Horse Collar
22:38 Bow Saw
22:29 Heavy Plow
22:29 Fletching
27:28 Bodkin Arrow
28:47 Husbandry
29:46 Bloodlines
30:20 Padded Archer Armor
32:35 Leather Archer Armor
33:13 Ballistics
38:10 Imperial Age
36:26 Wheelbarrow
37:19 Corvinian Army
37:25 Scale Barding Armor
38:04 Hand Cart
38:53 Bracer
40:02 Parthian Tactics
39:44 Thumb Ring
40:42 Ring Archer Armor
40:47 Recurve Bow
41:50 Crop Rotation
42:20 Two-Man Saw
42:27 Two-Man Saw
41:57 Conscription
42:35 Chain Barding Armor
44:38 Plate Barding Armor
45:08 Heavy Cavalry Archer
48:19 Chemistry
48:09 Caravan
50:45 Elite Magyar Huszar
52:11 Siege Engineers
52:18 Masonry
52:04 Murder Holes
52:22 Capped Ram
55:55 Town Watch
55:53 Treadmill Crane
Gonzat92
6:34 Loom
9:30 Feudal Age
18:29 Castle Age
17:11 Double-Bit Axe
21:52 Wheelbarrow
23:25 Horse Collar
25:56 Hand Cart
27:26 Town Watch
32:05 Scale Barding Armor
34:54 Imperial Age
32:49 Fletching
33:10 Forging
33:21 Chain Barding Armor
32:55 Elite Skirmisher
35:33 Iron Casting
35:11 Bloodlines
35:01 Husbandry
35:18 Heavy Plow
36:22 Plate Barding Armor
36:04 Gold Mining
36:05 Stone Mining
38:03 Blast Furnace
37:26 Conscription
37:56 Elite Jarl
39:34 Town Patrol
39:05 Vendel Legacy
40:19 Treadmill Crane
41:00 Ballistics
43:43 Light Cavalry
44:57 Bodkin Arrow
45:24 Fortified Wall
46:16 Chemistry
47:34 Crop Rotation
47:25 Gothikon
48:42 Hussar
51:59 Scale Mail Armor
52:18 Bracer
52:53 Squires
53:10 Chain Mail Armor
52:17 Elite Varangian Guard
52:44 Arson
53:33 Gambesons
53:14 Pikeman
54:25 Plate Mail Armor
54:20 Caravan
poli2107
9:31 Loom
11:16 Feudal Age
16:27 Castle Age
14:41 Double-Bit Axe
14:40 Horse Collar
17:32 Heavy Plow
21:18 Pikeman
23:26 Squires
26:07 Wheelbarrow
25:18 Town Watch
27:42 Bow Saw
29:38 Hand Cart
29:24 Town Patrol
31:25 Elite Skirmisher
32:50 Fletching
33:01 Padded Archer Armor
35:58 Imperial Age
33:41 Bodkin Arrow
35:13 Chemistry
34:34 Ballistics
35:43 Leather Archer Armor
35:26 Murder Holes
35:44 Masonry
37:27 Conscription
37:51 Fortified Wall
38:12 Architecture
39:23 Wagenburg Tactics
43:18 Siege Engineers
49:31 Bracer
50:01 Ring Archer Armor
51:10 Guard Tower
54:03 Keep
53:15 Arrowslits
53:20 Elite Hussite Wagon
Sr.Boldemor
7:31 Loom
11:05 Feudal Age
11:48 Double-Bit Axe
11:45 Horse Collar
19:55 Castle Age
19:33 Fletching
19:49 Padded Archer Armor
21:34 Stone Mining
23:53 Bow Saw
23:46 Heavy Plow
25:44 Leather Archer Armor
27:41 Gold Mining
28:45 Bodkin Arrow
30:30 Yeomen
31:21 Gold Shaft Mining
31:18 Ballistics
35:07 Imperial Age
34:13 Wheelbarrow
34:54 Caravan
36:08 Hand Cart
36:21 Conscription
37:19 Two-Man Saw
37:40 Chemistry
37:42 Elite Longbowman
41:17 Ring Archer Armor
42:00 Murder Holes
47:54 Scale Mail Armor
47:55 Bracer
48:05 Forging
48:42 Pikeman
49:23 Squires
49:09 Gambesons
49:12 Halberdier
50:10 Chain Mail Armor
50:31 Iron Casting
51:41 Plate Mail Armor
Lord Selby
9:38 Loom
11:24 Feudal Age
12:47 Double-Bit Axe
15:37 Castle Age
14:17 Stone Mining
15:28 Gold Mining
15:28 Horse Collar
23:51 Bow Saw
25:19 Fervor
25:30 Sanctity
26:14 Heavy Plow
26:09 Town Watch
27:31 Wheelbarrow
28:53 Hand Cart
29:53 Ballistics
29:55 Treadmill Crane
34:25 Imperial Age
32:20 Fletching
32:30 Padded Archer Armor
34:08 Bodkin Arrow
34:29 Leather Archer Armor
35:24 Circumnavigation
36:31 Town Patrol
36:51 Bracer
37:57 Chemistry
37:03 Siege Engineers
37:09 Masonry
38:08 Leather Archer Armor
38:22 Conscription
38:37 Fortified Wall
38:49 Bombard Tower
38:58 Murder Holes
39:49 Ring Archer Armor
39:56 Guilds
41:26 Stone Shaft Mining
41:53 Two-Man Saw
41:25 Crop Rotation
42:54 Architecture
43:41 Elite Organ Gun
45:00 Arquebus
50:29 Coinage
54:41 Banking
Connection lost

Rejoining the realm…

Still unreachable

The connection could not be restored.

Session expired

The server has moved on; the page needs a fresh start.